 Dungeon Crawl Stone Soup version 0.30-a0-596-g0af90f9a20 (webtiles) character file.

Game seed: 5083670556745601050

325 Cancer the Chiller (level 6, 0/44 HPs)
             Began as a Barachi Ice Elementalist on Jan 6, 2023.
             Succumbed to a scorpion's poison
             ... on level 5 of the Dungeon on Jan 7, 2023.
             The game lasted 00:09:47 (3943 turns).

Cancer the Chiller (Barachi Ice Elementalist)       Turns: 3943, Time: 00:09:47

Health: 0/44       AC: 12    Str: 10    XL:     6   Next: 48%
Magic:  4/12       EV: 12    Int: 17    God:
Gold:   158        SH:  0    Dex: 12    Spells: 6/13 levels left

rFire   . . .      SeeInvis .    g - +2 dagger (protect)
rCold   . . .      Faith    .    (no shield)
rNeg    . . .      Spirit   .    a - +0 robe
rPois   .          Reflect  .    (no helmet)
rElec   .          Harm     .    d - +0 cloak
rCorr   .          Rampage  .    w - +0 pair of gloves
Will    .....                    n - +0 pair of boots
Stlth   ++                       (no amulet)
HPRegen 0.27/turn                (no ring)
MPRegen 0.13/turn                (no ring)

@: lethally poisoned (0 -> -6), ice-armoured, freezing walls, slow
A: amphibious, slowness 1, strong legs 1, +LOS
a: Hop


You were on level 5 of the Dungeon.
You visited 2 branches of the dungeon, and saw 6 of its levels.

You collected 158 gold pieces.

Inventory:

Hand Weapons
 g - a +2 dagger of protection (weapon)
 y - a +0 sling
Missiles
 k - 2 atropa-tipped darts
 x - 2 curare-tipped darts
 C - 2 poisoned darts
Armour
 a - a +0 robe (worn)
 d - a +0 cloak (worn)
 n - a +0 pair of boots (worn)
 w - a +0 pair of gloves (worn)
Magical Staves
 m - a staff of earth
Wands
 o - a wand of polymorph (2)
Scrolls
 c - 3 scrolls of amnesia {unknown}
 e - a scroll of blinking {unknown}
 f - 7 scrolls of identify {unknown}
 h - 2 scrolls of teleportation {unknown}
 p - a scroll of fog {unknown}
 r - 2 scrolls of noise {unknown}
 t - a scroll of enchant weapon {unknown}
 u - 2 scrolls of vulnerability {unknown}
 v - a scroll of fear {unknown}
 A - a scroll of poison {unknown}
 B - a scroll of enchant armour {unknown}
Potions
 b - a potion of magic
 i - 2 potions of curing {unknown}
 j - 2 potions of might {unknown}
 l - a potion of resistance {unknown}
 q - 2 potions of attraction {unknown}
 s - a potion of invisibility {unknown}
 z - 2 potions of mutation {unknown}


   Skills:
 - Level 2.0 Fighting
 - Level 2.1 Dodging
 - Level 1.7 Stealth
 + Level 4.3 Spellcasting
 + Level 0.4 Conjurations
 + Level 0.5 Hexes
 + Level 2.4 Summonings
 + Level 6.7 Ice Magic
 + Level 0.3 Invocations


You had 6 spell levels left.
You knew the following spells:

 Your Spells              Type           Power      Damage    Failure   Level
a - Freeze                Ice            100%       1d10      1%          1
b - Frozen Ramparts       Ice            52%        1d8       3%          3
c - Ozocubu's Armour      Ice            26%        N/A       3%          3

Your spell library contained the following spells:

 Spells                   Type           Power      Damage    Failure   Level
 Hailstorm                Conj/Ice       15%        3d5       11%         3
 Slow                     Hex            20%        N/A       12%         1
 Cigotuvi's Dreadful Rot  Necr/Pois/Air  6%         N/A       22%         2
 Poisonous Vapours        Pois/Air       6%         N/A       22%         2
 Summon Ice Beast         Ice/Summ       19%        N/A       24%         4
 Confusing Touch          Hex            5%         N/A       36%         3
 Inner Flame              Hex/Fire       4%         N/A       38%         3
 Mephitic Cloud           Conj/Pois/Air  4%         N/A       41%         3
 Vampiric Draining        Necr           3%         2d6       41%         3
 Cause Fear               Hex            2%         N/A       77%         4
 Dispel Undead            Necr           3%         3d7       83%         4
 Death Channel            Necr           1%         N/A       100%        6
 Discord                  Hex            2%         N/A       100%        8


Dungeon Overview and Level Annotations

Branches:
Dungeon (5/15)             Temple (1/1) D:4

Altars:
Dithmenos
Elyvilon
Fedhas
Gozag
Hepliaklqana
Kikubaaqudgha
Makhleb
Nemelex Xobeh
Okawaru
Sif Muna
Uskayaw
Wu Jian
Yredelemnul
Zin
The Shining One

Shops:
D:3 [

Annotations:
D:1 wall


Innate Abilities, Weirdness & Mutations

You are amphibious.
You cover ground slowly.
You can hop short distances.
You have an extended range of vision and can be seen from far away.


Message History

The wall freezes the orc priest but does no damage.
An orc priest opens the door.
Unknown command.
You hit the orc priest but do no damage.
Your weapon exudes an aura of protection.
The orc priest is moderately wounded.
You feel sick.
The wall freezes the scorpion.
The scorpion stings you but does no damage.
The orc hits you but does no damage.
The wall freezes the orc priest but does no damage.
Saving game... please wait.
Welcome back, Cancer the Barachi Ice Elementalist.
Press ? for a list of commands and other information.
Cast which spell? (? or * to list)
Aiming: Freeze (safe; 1% risk of failure)
Press: ? - help, Shift-Dir - straight line, f - orc priest
Aim: an orc priest, wielding a +0 whip and wearing a +0 ring mail (moderately wounded)
You freeze the orc priest.
The orc priest is heavily wounded.
You feel sick.
The wall freezes the scorpion.
The scorpion stings you. The orc hits you with a +0 morningstar.
* * * LOW HITPOINT WARNING * * *
The wall freezes the orc.
The wall freezes the orc priest but does no damage.
The orc priest mumbles some strange prayers to Beogh against you.
Pain shoots through your body!
* * * LOW HITPOINT WARNING * * *
The wall freezes the orc priest but does no damage.
The orc priest barely misses you.
Unknown command.
Unknown command.
Unknown command.
Casting: Freeze (safe; 1% risk of failure)
Confirm with . or Enter, or press ? or * to list all spells.
Aiming: Freeze (safe; 1% risk of failure)
Press: ? - help, Shift-Dir - straight line, f/p - orc priest
Aim: an orc priest, wielding a +0 whip and wearing a +0 ring mail (heavily wounded)
You freeze the orc priest.
The orc priest is almost dead.
You die...

# .# ..# ###+#
...#
#####.so#....#
#.....o@o....#
#.....oo#....#
#.......#
......
#######+#
..... .... ...
.. .


You could see a scorpion, 2 orc priests and 3 orcs.

Vanquished Creatures
  3 quasits (D:4)
  An iguana (D:4)
  6 gnolls
  4 adders
  A shadow imp (D:4)
  A white imp (D:4)
  3 worms (D:2)
  A dart slug (D:4)
  3 orcs
  10 endoplasms
  11 giant cockroaches
  5 goblins
  4 hobgoblins
  2 jackals (D:3)
  6 kobolds
  4 quokkas
  6 ball pythons
  3 bats
  3 frilled lizards
  3 rats
80 creatures vanquished.

Vanquished Creatures (others)
  2 demonic plants (D:4)
  5 plants (D:2)
7 creatures vanquished.

Grand Total: 87 creatures vanquished

Notes
Turn   | Place    | Note
-------+----------+-------------------------------------------
     0 | D:1      | Cancer the Barachi Ice Elementalist began the quest for the
                  | Orb.
     0 | D:1      | Reached XP level 1. HP: 13/13 MP: 3/3
    11 | D:1      | Noticed an electric eel
   263 | D:1      | Reached skill level 5 in Ice Magic
   373 | D:1      | Reached XP level 2. HP: 19/19 MP: 2/5
  1041 | D:2      | Reached XP level 3. HP: 24/24 MP: 1/7
  1107 | D:2      | Learned a level 3 spell: Frozen Ramparts
  1111 | D:2      | Learned a level 3 spell: Ozocubu's Armour
  1118 | D:2      | Found a faded altar of an unknown god.
  1239 | D:2      | Reached XP level 4. HP: 21/30 MP: 5/9
  1320 | D:2      | Reached skill level 6 in Ice Magic
  2172 | D:3      | Reached XP level 5. HP: 36/36 MP: 3/10
  2182 | D:3      | Reached skill level 1 in Summonings
  2326 | D:3      | Found Husegunugi's Armour Shoppe.
  2331 | D:3      | Reached skill level 1 in Fighting
  2936 | D:4      | Found a staircase to the Ecumenical Temple.
  2954 | Temple   | Entered the Ecumenical Temple
  3371 | D:4      | Reached XP level 6. HP: 7/44 MP: 3/12
  3938 | D:5      | Entered Level 5 of the Dungeon
  3942 | D:5      | HP: 2/44 [orc priest/nerve-wracking pain (11)]
  3943 | D:5      | Succumbed to a scorpion's poison

Illustrated notes

Levels and vault maps discovered:
D:1:      arrival_aquarium_a, layout_loops_ring, grunt_decor_clamped
D:2:      layout_basic, chequers_ecumenical_altar_island, serial_bayou_pond_a,
          minmay_distorted
D:3:      minmay_roachtagon, layout_loops_corners, serial_shops, shop
D:4:      layout_rooms, minmay_temple_entry_offerings, serial_demonic,
          serial_demonic_a, serial_demonic_b, serial_demonic_c,
          serial_demonic_c, nicolae_underground_beach
D:5:      layout_gridville, lemuel_tele_altar, ebering_ghost_inner_flame
Temple:   bh_familiar_temple

Skill      XL: |  1  2  3  4  5 |
---------------+----------------+-----
Ice Magic      | 5 6 |  6.7
Spellcasting   | 3 4 |  4.3
Summonings     | 2 |  2.4
Fighting       | 2 |  2.0
Dodging        | |  2.1
Stealth        | |  1.7
Conjurations   | |  0.4
Hexes          | |  0.5
Invocations    | |  0.3

Action                   |  1- 3 |  4- 6 || total
-------------------------+-------+-------++-------
Melee: Unarmed           |     5 |       ||     5
       Dagger            |    16 |    90 ||   106
       Punch             |       |     2 ||     2
 Fire: Sling             |       |    13 ||    13
 Cast: Freeze            |    34 |    42 ||    76
       Frozen Ramparts   |     1 |    10 ||    11
       Ozocubu's Armour  |       |     4 ||     4
 Stab: Sleeping          |     1 |       ||     1
Armor: Robe              |    13 |    98 ||   111
Dodge: Dodged            |    43 |   120 ||   163

Table legend: (Time is in decaauts)
 A = Elapsed time spent in this place.
 B = Non-inter-level travel time spent in this place.
 C = Inter-level travel time spent in this place.
 D = Time resting spent in this place.
 E = Time spent auto-exploring this place.
 F = Levels seen in this place.
 G = Mean time per level.
                   A        B        C        D        E       F      G
               +--------+--------+--------+--------+--------+-----+--------+
         Total |   4471 |   4233 |    238 |      0 |   3533 |   6 |  745.2 |
       Dungeon |   4262 |   4039 |    223 |      0 |   3348 |   5 |  852.4 |
        Temple |    209 |    194 |     15 |      0 |    185 |   1 |  209.0 |
               +--------+--------+--------+--------+--------+-----+--------+

Top non-repeatable levels by time:
     D:2: 1155 daAuts
     D:3: 1148 daAuts
     D:1: 1031 daAuts
     D:4: 922 daAuts
  Temple: 209 daAuts
     D:5: 4 daAuts
